 Dungeon Crawl Stone Soup version 0.20-a0-1008-g0de3dc5 (console) character file.

2092394 vuev the Conqueror (level 27, 272/272 (273) HPs)
             Began as a Minotaur Berserker on Apr 14, 2017.
             Was a High Priest of Trog.
             Escaped with the Orb
             ... and 4 runes on Apr 15, 2017!
             The game lasted 03:13:15 (95307 turns).

vuev the Conqueror (Minotaur Berserker)            Turns: 95307, Time: 03:13:16

HP:   272/272 (273) AC: 54    Str: 24    XL:     27
MP:   26/26         EV: 29    Int:  6    God:    Trog [*****.]
Gold: 6222          SH:  0    Dex: 23    Spells: 26/26 levels left

rFire    + + .     SeeInvis .   P - +9 executioner's axe (drain)
rCold    + + +     Gourm    .   (shield currently unavailable)
rNeg     . . .     Faith    .   O - +12 gold dragon scales
rPois    +         Spirit   .   k - +2 hat
rElec    +         Reflect  .   I - +0 cloak "Xoetzib" {rF+ Slay+2}
rCorr    .         Harm     .   S - +0 pair of gloves {Dex+3}
MR       +++++                  T - +1 pair of boots {run}
Stlth    +.........             c - amulet of the Air {Inacc +Fly rElec EV+5 RMsl}
Regen    0.6/turn               w - ring of Duedemuo {MR+++ MP+9 Int+4 Dex-3}
MPRegen  0.2/turn               g - ring of Lidacv Guysh {rC+ AC+6 Str+2}

@: studying Throwing, repel missiles, quick
A: retaliatory headbutt, horns 2, cold resistance 1, dopey 1, low mp 2, mutation
resistance 1
0: Orb of Zot
}: 4/15 runes: decaying, serpentine, slimy, silver
a: Berserk, Trog's Hand, Brothers in Arms, Burn Spellbooks, Renounce Religion,
Evoke Flight


You escaped.
You worshipped Trog.
Trog was extremely pleased with you.
You were not hungry.

You visited 11 branches of the dungeon, and saw 57 of its levels.
You visited the Abyss 1 time.
You visited 2 bazaars.
You also visited: Labyrinth.

You collected 9664 gold pieces.
You spent 3442 gold pieces at shops.

Inventory:

Hand Weapons
 P - a +9 executioner's axe of draining (weapon)
 U - a +5 antimagic executioner's axe
Missiles
 t - 13 throwing nets (quivered)
Armour
 k - a +2 hat (worn)
 I - the +0 cloak "Xoetzib" (worn) {rF+ Slay+2}
   (You bought it in a shop on level 2 of the Orcish Mines)

   It affects your accuracy and damage with ranged weapons and melee attacks
   (+2).
   It protects you from fire.
 K - the +0 hat "Edajab" {rF+ rC- Int+8 Dex-5}
   (You acquired it on level 3 of the Realm of Zot)

   It affects your intelligence (+8).
   It affects your dexterity (-5).
   It protects you from fire.
   It makes you vulnerable to cold.
 L - a +0 cloak of invisibility
 O - +12 gold dragon scales (worn)
 S - a +0 pair of gloves of dexterity (worn)
 T - a +1 pair of boots of running (worn)
 Y - a +2 plate armour of poison resistance
Jewellery
 c - the amulet of the Air (around neck) {Inacc +Fly rElec EV+5 RMsl}
   (You found it on level 2 of the Depths)

   [amulet of inaccuracy]

   It reduces the accuracy of all your attacks.
   It affects your evasion (+5).
   It insulates you from electricity.
   It lets you fly.
   It protects you from missiles.
 f - an uncursed ring of protection from fire
 g - the ring of Lidacv Guysh (right hand) {rC+ AC+6 Str+2}
   (You bought it in a shop on level 2 of the Depths)

   [ring of protection]

   It affects your AC (+6).
   It affects your strength (+2).
   It protects you from cold.
 w - the ring of Duedemuo (left hand) {MR+++ MP+9 Int+4 Dex-3}
   (You bought it in a shop on level 2 of the Orcish Mines)

   [ring of magical power]

   It affects your intelligence (+4).
   It affects your dexterity (-3).
   It affects your resistance to hostile enchantments.
   It affects your magic capacity (+9).
 F - an uncursed ring of see invisible
 Q - the ring of Fedhas's Reproof {rElec rF+ rN+ MP+9 Dex-2}
   (You took it off an ironbrand convoker on level 5 of the Vaults)

   [ring of magical power]

   It affects your dexterity (-2).
   It protects you from fire.
   It insulates you from electricity.
   It protects you from negative energy.
   It affects your magic capacity (+9).
Wands
 a - a wand of acid (9/15)
 h - a wand of iceblast (12/15)
 o - a wand of lightning (9/15)
 p - a wand of scattershot (3/9)
 H - a wand of polymorph (6/24)
 X - a wand of lightning (1/15)
 Z - a wand of iceblast (7/15)
Scrolls
 b - 25 scrolls of remove curse
 e - 21 scrolls of identify
 m - 20 scrolls of teleportation
 x - 13 scrolls of recharging
 y - 2 scrolls of silence
 C - 6 scrolls of magic mapping
 E - 12 scrolls of blinking
 G - 7 scrolls of fear
 N - 5 scrolls of fog
 R - 2 scrolls of summoning
Potions
 i - 8 potions of mutation
 l - 4 potions of magic
 n - 3 potions of brilliance
 q - 28 potions of curing
 r - 8 potions of haste
 s - 14 potions of heal wounds
 z - 5 potions of agility
 A - 6 potions of cancellation
 D - 8 potions of might
 J - 4 potions of flight
 V - a potion of resistance
Books
 M - a manual of Throwing
Miscellaneous
 W - 4 phantom mirrors
Comestibles
 d - 4 meat rations
 j - 29 fruits
 u - 30 bread rations
 B - 33 royal jellies


   Skills:
 O Level 27 Fighting
 O Level 27 Axes
 O Level 27 Armour
 O Level 27 Dodging
 + Level 24.1 Stealth


You had 26 spell levels left.
You didn't know any spells.

Dungeon Overview and Level Annotations

Branches:
Dungeon (15/15)            Temple (0/1) D:6            Lair (6/6) D:10
  Swamp (4/4) Lair:3        Snake (4/4) Lair:2        Slime (5/5) Lair:6
    Orc (2/2) D:9             Elf (3/3) Orc:2        Vaults (5/5) D:14
  Crypt (3/3) Vaults:3       Tomb (0/3) Crypt:3      Depths (5/5) D:15
    Zot (5/5) Depths:5

Altars:
Fedhas
Hepliaklqana
Kikubaaqudgha
Nemelex Xobeh
Okawaru
Qazlal
Sif Muna
Vehumet
Wu Jian
Xom
Yredelemnul
The Shining One
Beogh
Jiyva

Shops:
D:9 }   D:10 *   D:12 =   Orc:2 [*=(   Snake:1 =   Snake:4 %   Depths:2 }==

Portals:
Hell: Depths:1 Depths:2 Depths:4 Depths:5
Abyss: Depths:4
Pandemonium: Depths:2 Depths:3 Depths:4 Depths:5
Ziggurat: Depths:4
Trove: Elf:2 (give +3 storm dragon scales)

Annotations:
Swamp:4 exclusion: oklob plant
Elf:1 exclusions: door and 2 more exclusions
Zot:5 exclusion: obsidian statue


Innate Abilities, Weirdness & Mutations

You reflexively headbutt those who attack you in melee.
You have a pair of horns on your head.
Your flesh is cold resistant. (rC+)
You are dopey. (Int -2)
Your magical capacity is very low. (-20% MP)
You are somewhat resistant to further mutation.


Message History

You start resting.
A rakshasa comes into view. It is wielding a whip.
A rakshasa is nearby!
A mysterious force pulls you upwards. The hatch slams shut behind you.
Your skin crawls.
You feel resistant to hostile enchantments.
You feel somewhat more hungry.
You feel the effects of Trog's Hand fading.
There is an open door here.
There is an open door here.
Your skin stops crawling.
You feel less resistant to hostile enchantments.
There is a stone staircase leading up here.
You climb upwards.
There is a stone staircase leading down here.
There is a stone staircase leading up here.
You climb upwards.
There is a stone staircase leading down here.
There is a staircase leading out of the dungeon here.
You have escaped!

##.####.##...#######....# #.
#....................##.###.
#...≈≈≈≈........§≈≈≈..#.....
#..≈≈≈≈≈≈......§§≈≈≈≈.#.....
#..≈≈≈≈≈≈[.....≈§§§≈≈.#.####
#..≈≈≈≈≈≈......≈§§§≈≈...#
##..≈≈≈≈..####..≈§§≈....#
##....).#+.#+#......#..#
#####..#.@>.#..#####.##
#..#'.#+#.....[[.##
#...####..........##
#........#.######..# #
#...##.....# ##.###
#.#.##.##### ###.....
#.#.##.# #...####
##.#.##.########.###
#..#..#.##.........#


There were no monsters in sight!

Vanquished Creatures
  the Royal Jelly (Slime:5)
  2 orbs of fire (Zot:5)
  9 ancient liches
  4 juggernauts
  Sojobo (Depths:1)
  Frederick (Depths:3)
  Saint Roka (Orc:2)
  Margery (Depths:4)
  8 golden dragons
  5 Killer Klowns
  Vashnia (Snake:4)
  Nikola (Swamp:1)
  5 caustic shrikes (Depths:3)
  2 curse toes
  Jory (Depths:5)
  3 bone dragons
  A Brimstone Fiend (Zot:5)
  3 electric golems
  20 tentacled monstrosities
  26 Orb Guardians
  17 liches
  5 deep elf blademasters
  7 quicksilver dragons
  16 acid blobs
  4 deep elf master archers (Elf:3)
  7 titans
  5 sphinxes
  An acid blob (shapeshifter) (Depths:3)
  2 tentacled starspawn (Abyss:3)
  20 shadow dragons
  6 thorn hunters
  7 death cobs
  Donald (Elf:2)
  19 storm dragons
  Kirke (Snake:3)
  8 draconian monks
  2 revenants (Crypt:1)
  14 tengu reavers
  18 frost giants
  8 nagarajas
  15 fire giants
  A cacodemon (Depths:4)
  11 deep elf sorcerers
  An orc warlord (Orc:2)
  7 draconian scorchers
  7 draconian knights
  Aizul (Snake:1)
  19 vault wardens
  An iron dragon (Depths:3)
  6 ghost moths
  8 azure jellies
  A balrug (Depths:1)
  4 curse skulls (Crypt:1)
  7 deep elf elementalists
  3 ghouls
  Louise (Snake:3)
  2 spriggan defenders (Depths:3)
  7 draconian shifters
  16 ironheart preservers
  3 draconian stormcallers
  The ghost of pedritolo the Slicer, an adept VSMo of Okawaru (Depths:1)
  8 war gargoyles
  3 reapers
  6 draconian annihilators
  22 stone giants
  41 very ugly things
  2 entropy weavers
  A caustic shrike skeleton (Depths:4)
  7 vampire knights
  15 green draconians
  9 deep elf demonologists
  12 red draconians
  12 purple draconians
  13 white draconians
  15 spark wasps
  12 black draconians
  7 deep elf annihilators
  Snorg (Orc:2)
  The ghost of vuev the Devastator, a journeyman DECj of Vehumet (D:11)
  10 yellow draconians
  18 ettins
  4 crystal guardians
  4 eidola
  6 fire dragons
  A green death (Depths:1)
  17 deep elf death magi
  16 great orbs of eyes
  6 jiangshi
  A minotaur (Lab)
  Harold (D:12)
  11 deep elf high priests
  15 ice dragons
  7 death oozes
  18 yaktaur captains
  A monstrous demonspawn (Depths:5)
  27 naga warriors
  12 hydras
  4 rakshasas
  A quicksilver dragon skeleton (Crypt:1)
  A spriggan air mage (Depths:3)
  33 vault guards
  19 centaur warriors
  A catoblepas (Lair:6)
  2 ghost crabs
  15 anacondas
  8 alligators
  A two-headed ogre (shapeshifter) (Vaults:2)
  37 dancing weapons
  A death knight (Crypt:3)
  41 two-headed ogres
  11 deep troll shamans
  10 tengu warriors
  7 vampire magi
  14 ogre magi
  3 death yaks (Lair:6)
  6 spriggan berserkers
  16 naga sharpshooters
  8 deep troll earth magi
  3 titan zombies
  12 hell knights
  3 soul eaters
  7 orc high priests
  22 deep elf knights
  2 sun demons (Depths:1)
  3 shadow wraiths
  7 shock serpents
  25 skeletal warriors
  4 iron trolls
  A titan skeleton (Vaults:5)
  2 sixfirhies
  7 salamander mystics
  39 deep trolls
  A ghost moth zombie (Crypt:1)
  An infernal demonspawn (Zot:2)
  A sea snake (shapeshifter) (Vaults:5)
  2 golden dragon zombies
  A spark wasp zombie (Depths:4)
  A spriggan druid (Swamp:4)
  23 deep elf archers
  2 shadow demons (Depths:5)
  3 spectral hydras (Swamp:4)
  A gelid demonspawn (Depths:5)
  2 unseen horrors (Vaults:1)
  A lindwurm (Lair:6)
  A storm dragon skeleton (Depths:4)
  2 golden dragon skeletons
  3 wizards
  19 ironbrand convokers
  A shambling mangrove (Swamp:3)
  8 flayed ghosts
  6 naga ritualists
  A shadow dragon zombie (Vaults:4)
  3 large abominations (Abyss:3)
  A swamp dragon (Swamp:4)
  10 phantasmal warriors
  Pikel (D:4)
  25 necromancers
  A sphinx zombie (Crypt:1)
  7 glowing orange brains
  14 orc knights
  A tengu zombie (Depths:4)
  An orb spider (shapeshifter) (Depths:3)
  7 mana vipers
  9 harpies
  66 deep elf magi
  3 iron dragon zombies
  2 frost giant zombies
  3 wolf spiders
  61 ugly things
  2 tengu skeletons (Depths:4)
  3 sphinx skeletons
  2 orc sorcerers (Orc:2)
  11 salamanders
  A cyclops (shapeshifter) (Vaults:5)
  3 worldbinders (Abyss:3)
  8 cyclopes
  A manticore (shapeshifter) (Depths:3)
  A fire giant zombie (Crypt:1)
  A shadow dragon skeleton (Depths:4)
  3 manticores
  10 shining eyes
  A salamander (shapeshifter) (Depths:4)
  12 elephants
  A human skeleton (Vaults:4)
  2 moths of wrath (shapeshifter)
  A mana viper (shapeshifter) (Vaults:5)
  An elephant (shapeshifter) (Depths:3)
  A rust devil (D:4)
  37 black mambas
  3 dire elephant zombies
  A spriggan zombie (Depths:4)
  2 eyes of devastation (Slime:5)
  14 guardian serpents
  26 moths of wrath
  A black mamba (shapeshifter) (Vaults:1)
  15 vault sentinels
  A fire giant skeleton (Crypt:1)
  2 orange demons (Depths:4)
  A water nymph (Abyss:3)
  A storm dragon simulacrum (Depths:4)
  22 naga magi
  An elf skeleton (Vaults:5)
  2 smoke demons
  A torpor snail (shapeshifter) (Elf:3)
  30 spiny frogs
  5 spectral swamp worms (Depths:5)
  A spriggan skeleton (Depths:3)
  2 gargoyles
  61 yaktaurs
  7 komodo dragons
  4 swamp worm zombies
  4 kobold demonologists
  An alligator snapping turtle skeleton (Crypt:2)
  2 rime drakes (Lair:6)
  A black draconian skeleton (Crypt:3)
  2 efreet
  A komodo dragon (shapeshifter) (Vaults:5)
  A pale draconian skeleton (Crypt:1)
  6 tengu conjurers
  9 freezing wraiths
  4 ancient zymes (Abyss:3)
  A golden dragon simulacrum (Depths:4)
  An ice devil (Zot:4)
  3 hydra zombies
  A guardian mummy (D:13)
  A death yak skeleton (Crypt:2)
  2 jumping spiders (shapeshifter)
  9 tyrant leeches
  A polar bear (Lair:5)
  12 trolls
  A meliai (shapeshifter) (Depths:1)
  8 raiju (Abyss:3)
  2 spectral swamp dragons (Swamp:4)
  An iron dragon simulacrum (Depths:4)
  10 hornets
  2 meliai zombies (D:13)
  A minotaur skeleton (Crypt:1)
  2 tengu simulacra
  An ice dragon zombie (Crypt:3)
  81 slime creatures
  17 blink frogs
  A fire dragon zombie (Crypt:3)
  3 hydra skeletons
  3 dream sheep (Lair:5)
  12 hippogriffs
  10 bog bodies
  2 ettin zombies (Crypt:1)
  4 alligator zombies
  27 flying skulls (Crypt:3)
  A stone giant simulacrum (Vaults:5)
  Sigmund (D:4)
  A fire dragon skeleton (Crypt:3)
  5 redbacks
  2 ettin skeletons
  8 air elementals
  An alligator skeleton (Crypt:2)
  A black mamba zombie (Crypt:3)
  A redback (shapeshifter) (Depths:3)
  A basilisk (shapeshifter) (Elf:2)
  A guardian serpent skeleton (Crypt:1)
  A small abomination (Abyss:3)
  3 tarantellas (shapeshifter)
  A yak (shapeshifter) (Vaults:5)
  5 spriggans
  21 humans
  A tarantella (Vaults:5)
  10 wraiths
  5 shadows
  A fire bat (shapeshifter) (Vaults:5)
  2 vampires
  4 wyverns
  3 basilisks
  4 hogs (Snake:3)
  4 water elementals
  64 yaks
  4 golden eyes (Slime:3)
  3 fire elementals
  3 chaos spawn
  3 elf simulacra (Depths:4)
  Eustachio (D:8)
  8 vampire mosquitoes (Swamp:3)
  4 hungry ghosts
  A human simulacrum (Vaults:4)
  A steam dragon (D:11)
  The ghost of George the Slasher, an amateur DsGl (D:3)
  16 swamp worms
  18 wargs
  4 insubstantial wisps (Swamp:4)
  73 nagas
  4 acid dragons
  A water moccasin (shapeshifter) (Vaults:3)
  A soldier ant (D:13)
  16 water moccasins
  Duvessa (D:4)
  6 swamp drakes
  A floating eye (shapeshifter) (D:13)
  2 floating eyes (Depths:3)
  11 porcupines
  4 sky beasts
  A spiny frog skeleton (Crypt:1)
  An ettin simulacrum (Vaults:2)
  57 orc warriors
  3 eyes of draining
  A black bear (shapeshifter) (Vaults:4)
  6 swamp dragon zombies
  6 ice beasts
  10 phantoms
  32 boggarts
  4 black bears
  13 necrophages
  40 wolves
  5 elf zombies
  45 ogres
  12 crocodiles
  34 centaurs
  5 big kobolds
  18 bullfrogs
  2 human zombies
  Blork the orc (D:4)
  2 gnoll sergeants (D:8)
  2 earth elementals
  A wyvern skeleton (D:13)
  Dowan (D:4)
  A scorpion (D:12)
  A warg zombie (Crypt:2)
  10 killer bees
  A yak skeleton (Crypt:2)
  23 wights
  A vampire bat (Abyss:3)
  An electric eel (Lair:4)
  7 howler monkeys
  8 crimson imps
  10 hounds
  4 bullfrog zombies
  10 starcursed masses (Abyss:3)
  8 centaur zombies
  7 jellies
  17 orc priests
  29 orc wizards
  8 centaur skeletons
  3 iguanas
  5 worker ants
  A killer bee zombie (D:10)
  A naga skeleton (Crypt:1)
  A hound zombie (D:5)
  2 hound skeletons
  Robin (D:4)
  A howler monkey skeleton (D:8)
  A worker ant zombie (D:5)
  12 adders
  3 gnolls (D:3)
  2 swamp drake zombies (Swamp:4)
  9 shadow imps
  A white imp (Depths:4)
  4 oozes
  An ooze (shapeshifter) (Depths:3)
  An adder zombie (D:6)
  An adder skeleton (D:9)
  2 worms (D:3)
  3 leopard geckos
  131 orcs
  A ball python (D:1)
  10 bats
  4 giant cockroaches
  18 goblins
  13 hobgoblins
  5 jackals
  23 kobolds
  5 quokkas
  5 frilled lizards
  A goblin zombie (Crypt:2)
  A jackal zombie (D:5)
  8 rats
  17 briar patches
  8 crawling corpses
  11 fungi
  6 plants
  2 starspawn tentacles (Abyss:3)
3085 creatures vanquished.

Vanquished Creatures (collateral kills)
  An orb of fire (Zot:5)
  A deep elf sorcerer (Elf:3)
  A blizzard demon (Abyss:3)
  2 rakshasas (Abyss:3)
  A dancing weapon (Elf:2)
  A salamander mystic (Snake:3)
  A deep elf archer (Elf:2)
  2 deep elf magi (Elf:2)
  A salamander (Snake:3)
  4 slime creatures (Slime:5)
  An ugly thing (D:12)
  3 dream sheep (Lair:5)
  A spectral swamp dragon (Swamp:4)
  2 blink frogs (Lair:5)
  A hungry ghost (D:12)
  An eye of draining (Slime:5)
  A swamp dragon zombie (Swamp:4)
25 creatures vanquished.

Vanquished Creatures (others)
  An eldritch tentacle (Depths:1)
  A very ugly thing (Depths:3)
  A small abomination (Vaults:5)
  A vault guard (Vaults:5)
  A two-headed ogre (shapeshifter) (Vaults:5)
  An unseen horror (shapeshifter) (Depths:3)
  A deep elf mage (Elf:2)
  A moth of wrath (Zot:5)
  A spiny frog (Swamp:4)
  A slime creature (Swamp:1)
  A water elemental (Elf:1)
  3 humans (Snake:3)
  A golden eye (Slime:3)
  A chaos spawn (D:6)
  2 insubstantial wisps (Swamp:4)
  A warg (Vaults:1)
  2 orc warriors
  2 centaurs
  An ogre (D:9)
  A boggart (Depths:1)
  A bullfrog (D:9)
  A hound (D:9)
  An orc wizard (D:9)
  9 orcs
  A jackal (D:4)
  A quokka (D:9)
  A briar patch (Swamp:1)
  13 fungi
  5 plants
  A starspawn tentacle (Abyss:3)
  6 toadstools (Swamp:3)
  28 withered plants (Crypt:1)
93 creatures vanquished.

Grand Total: 3203 creatures vanquished

Notes
Turn   | Place    | Note
-------+----------+-------------------------------------------
     0 | D:1      | vuev the Minotaur Berserker began the quest for the Orb.
     0 | D:1      | Reached XP level 1. HP: 19/19 MP: 0/0
   218 | D:1      | Reached XP level 2. HP: 23/27 MP: 1/1
   884 | D:2      | Reached XP level 3. HP: 29/33 MP: 2/2
   923 | D:2      | Found an iron altar of Okawaru.
   930 | D:2      | Reached skill level 5 in Axes
   932 | D:2      | Reached ** piety under Trog
  1397 | D:2      | Found a deep blue altar of Sif Muna.
  1397 | D:2      | Found an ancient bone altar of Kikubaaqudgha.
  1398 | D:2      | Found a radiant altar of Vehumet.
  1400 | D:2      | Identified Kikubaaqudgha's Guide on Unholy Rituals
  1406 | D:2      | Reached XP level 4. HP: 40/40 MP: 3/3
  2231 | D:3      | Noticed George's ghost (amateur DsGl)
  2237 | D:3      | Killed George's ghost
  2237 | D:3      | Reached XP level 5. HP: 47/47 MP: 4/4
  2456 | D:4      | Noticed Duvessa
  2456 | D:4      | Noticed Dowan
  2465 | D:4      | Killed Dowan
  2465 | D:4      | Reached XP level 6. HP: 55/55 MP: 5/5
  2466 | D:4      | Killed Duvessa
  2466 | D:4      | Reached *** piety under Trog
  2466 | D:4      | Reached skill level 5 in Fighting
  2749 | D:4      | Found a blossoming altar of Fedhas.
  2774 | D:4      | Noticed Sigmund
  2788 | D:4      | Killed Sigmund
  2788 | D:4      | Reached XP level 7. HP: 61/61 MP: 6/6
  2859 | D:4      | Noticed Robin
  2865 | D:4      | Killed Robin
  3069 | D:4      | Noticed Blork the orc
  3078 | D:4      | Killed Blork the orc
  3224 | D:4      | Noticed Pikel
  3231 | D:4      | Killed Pikel
  3231 | D:4      | Reached skill level 10 in Axes
  3231 | D:4      | Reached skill level 5 in Armour
  3231 | D:4      | Reached XP level 8. HP: 70/70 MP: 7/7
  3566 | D:5      | Entered Level 5 of the Dungeon
  4668 | D:6      | Found a basalt altar of Yredelemnul.
  4687 | D:6      | Reached XP level 9. HP: 74/78 MP: 8/8
  4693 | D:6      | Reached **** piety under Trog
  4881 | D:6      | Found a staircase to the Ecumenical Temple.
  5757 | D:7      | Found an ornate altar of the Wu Jian Council.
  5994 | D:7      | Reached ***** piety under Trog
  6110 | D:7      | Found a glowing golden altar of the Shining One.
  6270 | D:7      | Found a stormy altar of Qazlal.
  6539 | D:8      | Received a gift from Trog
  6862 | D:8      | Noticed Eustachio
  6873 | D:8      | Killed Eustachio
  6873 | D:8      | Reached XP level 10. HP: 88/88 MP: 9/9
  6944 | D:8      | Noticed a two-headed ogre
  6954 | D:8      | Killed a two-headed ogre
  7067 | D:8      | Paralysed by a hornet for 2 turns
  7700 | D:9      | Found a staircase to the Orcish Mines.
  7722 | D:9      | Reached skill level 15 in Axes
  8089 | D:9      | Found Ybuscheng's Gadget Shop.
  8481 | D:9      | Found a shimmering altar of Xom.
  8719 | D:9      | Noticed a two-headed ogre
  8725 | D:9      | Killed a two-headed ogre
  8874 | D:9      | Reached XP level 11. HP: 93/95 MP: 10/10
  9227 | D:10     | Entered Level 10 of the Dungeon
  9327 | D:10     | Found a staircase to the Lair.
  9514 | D:10     | Found Zoeceicu's General Store.
  9638 | D:10     | Noticed a two-headed ogre
  9645 | D:10     | Killed a two-headed ogre
 10518 | Lair:1   | Entered Level 1 of the Lair of Beasts
 11874 | Lair:1   | Reached skill level 10 in Fighting
 12223 | Lair:1   | Gained mutation: Your magical capacity is low. (-10% MP) [potion of mutation]
 12223 | Lair:1   | Gained mutation: Your flesh is cold resistant. (rC+) [potion of mutation]
 12223 | Lair:1   | Gained mutation: Your spells are a little harder to cast, but a little more powerful. [potion of mutation]
 12223 | Lair:1   | Gained mutation: You are somewhat resistant to further mutation. [potion of mutation]
 12282 | Lair:2   | Reached skill level 10 in Armour
 12643 | Lair:2   | Reached XP level 12. HP: 96/106 MP: 9/9
 12841 | Lair:2   | Found a staircase to the Snake Pit.
 13739 | Lair:3   | Received a gift from Trog
 14224 | Lair:3   | Found a staircase to the Swamp.
 14987 | Lair:4   | Reached ****** piety under Trog
 14991 | Lair:4   | Reached XP level 13. HP: 116/116 MP: 10/10
 15939 | Lair:5   | Found a shimmering altar of Xom.
 15990 | Lair:5   | Received a gift from Trog
 16035 | Lair:5   | Found a labyrinth entrance.
 16045 | Lab      | Entered a labyrinth
 16207 | Lab      | Noticed a minotaur
 16210 | Lab      | Killed a minotaur
 16212 | Lab      | Got a clouded golden ring
 16221 | Lab      | Got a faintly humming shield
 16223 | Lab      | Identified the cursed +0 shield of Zin's Favour {rPois MP+9 Dex-5 Slay+2} (You took it off a minotaur in a labyrinth)
 16230 | Lab      | Got a fine ring mail
 16230 | Lab      | Got a pair of distressingly furry gloves
 16238 | Lab      | Identified the ring of Undoing {Wiz Str+4} (You took it off a minotaur in a labyrinth)
 16239 | Lab      | Identified the cursed +1 ring mail of Context {rF+ MR+} (You found it in a labyrinth)
 16250 | Lab      | Identified the +1 pair of gloves "Ruadeur" {rF- rN++ Int+3 Slay-4} (You found it in a labyrinth)
 17032 | Lair:6   | Entered Level 6 of the Lair of Beasts
 18031 | Lair:6   | Found a staircase to the Slime Pits.
 18618 | Lair:6   | Reached XP level 14. HP: 92/129 MP: 11/11
 19253 | Orc:1    | Entered Level 1 of the Orcish Mines
 19273 | Orc:1    | Received a gift from Trog
 20375 | Orc:2    | Entered Level 2 of the Orcish Mines
 20428 | Orc:2    | Noticed Saint Roka
 20455 | Orc:2    | Killed Saint Roka
 20471 | Orc:2    | Received a gift from Trog
 20898 | Orc:2    | Found a staircase to the Elven Halls.
 20944 | Orc:2    | Noticed Snorg
 20959 | Orc:2    | Killed Snorg
 21040 | Orc:2    | Found Rarghi's Antique Armour Shoppe.
 21166 | Orc:2    | Bought an embroidered cloak for 202 gold pieces
 21384 | Orc:2    | Noticed a stone giant
 21388 | Orc:2    | Killed a stone giant
 21541 | Orc:2    | Found Dotyt's General Store.
 21550 | Orc:2    | Bought the +0 cloak "Xoetzib" {rF+ Slay+2} for 376 gold pieces
 21550 | Orc:2    | Bought a scroll of magic mapping for 49 gold pieces
 21550 | Orc:2    | Bought a scroll of magic mapping for 49 gold pieces
 21582 | Orc:2    | Noticed an orc warlord
 21603 | Orc:2    | Killed an orc warlord
 21795 | Orc:2    | Found Peadajog's Jewellery Emporium.
 21804 | Orc:2    | Bought the ring of Duedemuo {MR+++ MP+9 Int+4 Dex-3} for 564 gold pieces
 22048 | Orc:2    | Found a roughly hewn altar of Beogh.
 22071 | Orc:2    | Found Weerrucw's Antique Weapon Emporium.
 22378 | D:11     | Noticed vuev's ghost (journeyman DECj)
 22394 | D:11     | Killed vuev's ghost
 23061 | D:12     | Noticed Harold
 23071 | D:12     | Killed Harold
 23200 | D:12     | Received a gift from Trog
 23310 | D:12     | Identified a scroll of acquirement
 23313 | D:12     | Got a pair of warped gloves
 23319 | D:12     | Identified the +0 pair of gloves "Kill" {Int+2} (You acquired it on level 12 of the Dungeon)
 23445 | D:12     | Found Boxtunke's Jewellery Shop.
 23457 | D:12     | Reached XP level 15. HP: 132/139 MP: 7/12
 24073 | D:13     | Found an ancient bone altar of Kikubaaqudgha.
 24176 | D:13     | Found a runed door.
 24823 | D:13     | Received a gift from Trog
 25284 | D:13     | Reached skill level 15 in Fighting
 26122 | D:14     | Received a gift from Trog
 26226 | D:14     | Found a gate to the Vaults.
 26822 | D:15     | Entered Level 15 of the Dungeon
 27200 | D:15     | Found a staircase to the Depths.
 27503 | D:15     | Received a gift from Trog
 27611 | D:15     | Reached XP level 16. HP: 141/148 MP: 7/13
 27674 | D:15     | Found a runed door.
 29352 | Swamp:1  | Entered Level 1 of the Swamp
 29675 | Swamp:1  | Noticed a thorn hunter
 29689 | Swamp:1  | Killed a thorn hunter
 30082 | Swamp:1  | Noticed Nikola
 30099 | Swamp:1  | Killed Nikola
 30580 | Swamp:1  | Received a gift from Trog
 31299 | Swamp:2  | Noticed a thorn hunter
 31306 | Swamp:2  | Killed a thorn hunter
 31622 | Swamp:2  | Noticed a thorn hunter
 31631 | Swamp:2  | Killed a thorn hunter
 32361 | Swamp:3  | Noticed a thorn hunter
 32377 | Swamp:3  | Killed a thorn hunter
 32377 | Swamp:3  | Reached skill level 15 in Armour
 32528 | Swamp:3  | Noticed a thorn hunter
 32540 | Swamp:3  | Killed a thorn hunter
 33430 | Swamp:3  | Received a gift from Trog
 33839 | Swamp:4  | Entered Level 4 of the Swamp
 34337 | Swamp:4  | Found a sparkling altar of Nemelex Xobeh.
 34342 | Swamp:4  | Reached XP level 17. HP: 140/157 MP: 7/14
 34579 | Swamp:4  | Got a smelly chain mail
 34580 | Swamp:4  | Identified the +3 chain mail "Vockugg" {+Blink rC+ MR+} (You found it on level 4 of the Swamp)
 35984 | Swamp:4  | Received a gift from Trog
 35992 | Swamp:4  | Got a twisted executioner's axe {god gift}
 35993 | Swamp:4  | Identified the +2 executioner's axe of Orghio {freeze, -Tele rF+++ Int+3} (Trog gifted it to you on level 4 of the Swamp)
 36121 | Swamp:4  | Noticed a bone dragon
 36140 | Swamp:4  | Killed a bone dragon
 36514 | Swamp:4  | Got a decaying rune of Zot
 36928 | Snake:1  | Entered Level 1 of the Snake Pit
 37647 | Snake:1  | Found Pishruoll's Jewellery Boutique.
 37951 | Snake:1  | Noticed Aizul
 37974 | Snake:1  | Killed Aizul
 39783 | Snake:2  | Received a gift from Trog
 40918 | Snake:3  | Noticed Kirke
 40931 | Snake:3  | Killed Kirke
 41487 | Snake:3  | Noticed Louise
 41497 | Snake:3  | Killed Louise
 41504 | Snake:3  | Reached XP level 18. HP: 130/171 MP: 8/15
 42852 | Snake:4  | Entered Level 4 of the Snake Pit
 42868 | Snake:4  | Received a gift from Trog
 44301 | Snake:4  | Noticed Vashnia
 44428 | Snake:4  | Killed Vashnia
 44629 | Snake:4  | Received a gift from Trog
 46998 | Snake:4  | Got a serpentine rune of Zot
 47108 | Snake:4  | Received a gift from Trog
 47331 | Snake:4  | Found Vacvarut's Food Shop.
 48158 | Snake:3  | Reached XP level 19. HP: 185/185 MP: 8/16
 48706 | Elf:1    | Entered Level 1 of the Elven Halls
 49963 | Elf:1    | Received a gift from Trog
 50297 | Elf:2    | Found a portal to a secret trove of treasure.
 50359 | Elf:2    | Noticed Donald
 50367 | Elf:2    | Killed Donald
 50487 | Elf:2    | Found a flickering gateway to a bazaar.
 50499 | Bazaar   | Entered a bazaar
 50499 | Bazaar   | Found Poal's Distillery.
 50499 | Bazaar   | Found Loham's Antique Weapon Boutique.
 50511 | Bazaar   | Found Dusoh's General Store.
 50519 | Bazaar   | Bought a scroll of teleportation for 45 gold pieces
 50519 | Bazaar   | Bought a potion of curing for 45 gold pieces
 50522 | Bazaar   | Found Iweunog's Antique Armour Shop.
 50527 | Bazaar   | Found Moiraige's Gadget Shop.
 50582 | Bazaar   | Bought a runed scarf for 136 gold pieces
 50654 | Bazaar   | Bought a potion of curing for 39 gold pieces
 50654 | Bazaar   | Bought a potion of curing for 39 gold pieces
 50654 | Bazaar   | Bought a potion of curing for 39 gold pieces
 50654 | Bazaar   | Bought a potion of cancellation for 104 gold pieces
 51257 | Elf:2    | Found a runed gate.
 51257 | Elf:2    | Found a runed gate.
 51260 | Elf:2    | Found a runed gate.
 51761 | Elf:2    | Received a gift from Trog
 51777 | Elf:2    | Got a crude battleaxe {god gift}
 51778 | Elf:2    | Identified the +6 battleaxe of Feegeef {antimagic, +Inv +Fly} (Trog gifted it to you on level 2 of the Elven Halls)
 52765 | Elf:3    | Entered Level 3 of the Elven Halls
 53941 | Elf:3    | Reached XP level 20. HP: 192/200 MP: 17/17
 54400 | Elf:3    | Received a gift from Trog
 54934 | Elf:3    | Identified the amulet of Uskayaw's Pride {Spirit *Corrode rPois Str+2 Slay+5} (You took it off a deep elf demonologist on level 3 of the Elven Halls)
 55446 | Elf:3    | Got a brightly glowing iron ring
 55449 | Elf:3    | Identified the ring "Guroc" {rPois Str+6 Int+2} (You took it off a deep elf master archer on level 3 of the Elven Halls)
 55870 | Vaults:1 | Entered Level 1 of the Vaults
 55870 | Vaults:1 | Found a gateway to a bazaar.
 55881 | Bazaar   | Entered a bazaar
 55931 | Bazaar   | Found Nyuqok's Magic Scroll Shoppe.
 55931 | Bazaar   | Found Togoext's Antique Armour Emporium.
 55941 | Bazaar   | Bought a scroll of blinking for 120 gold pieces
 55965 | Bazaar   | Found Gepreusm's Armour Shoppe.
 55965 | Bazaar   | Found Fiuguav's Armour Emporium.
 56076 | Vaults:1 | Received a gift from Trog
 56359 | Vaults:1 | Received a gift from Trog
 56845 | Vaults:1 | Identified a +1 pair of boots of running (You acquired it on level 1 of the Vaults)
 57129 | Vaults:1 | Found a stormy altar of Qazlal.
 57205 | Vaults:1 | Received a gift from Trog
 57667 | Vaults:1 | Received a gift from Trog
 57686 | Vaults:1 | Reached XP level 21. HP: 162/214 MP: 17/17
 59113 | Vaults:2 | Received a gift from Trog
 60621 | Vaults:3 | Found a staircase to the Crypt.
 60858 | Crypt:1  | Entered Level 1 of the Crypt
 60923 | Crypt:1  | Reached skill level 5 in Dodging
 60929 | Crypt:1  | Received a gift from Trog
 60932 | Crypt:1  | Noticed an ancient lich
 60941 | Crypt:1  | Killed an ancient lich
 62069 | Crypt:1  | Received a gift from Trog
 62565 | Crypt:1  | Received a gift from Trog
 62565 | Crypt:1  | Reached XP level 22. HP: 204/230 MP: 18/18
 64143 | Crypt:3  | Entered Level 3 of the Crypt
 64617 | Crypt:3  | Received a gift from Trog
 64723 | Crypt:3  | Reached skill level 27 in Fighting
 64862 | Crypt:3  | Found an ancient bone altar of Kikubaaqudgha.
 64862 | Crypt:3  | Noticed an ancient lich
 64871 | Crypt:3  | Killed an ancient lich
 65438 | Crypt:3  | Found a staircase to the Tomb.
 66132 | Vaults:3 | Reached skill level 10 in Dodging
 66259 | Vaults:3 | Received a gift from Trog
 67231 | Vaults:3 | Found a blossoming altar of Fedhas.
 68052 | Vaults:4 | Reached XP level 23. HP: 215/238 MP: 19/19
 68064 | Vaults:4 | Received a gift from Trog
 68085 | Vaults:4 | Got a bloodstained hand axe {god gift}
 68132 | Vaults:4 | Identified the +10 hand axe of Guefish {distort, *Rage rN+++ Int+6 SInv} (Trog gifted it to you on level 4 of the Vaults)
 69154 | Vaults:4 | Received a gift from Trog
 69702 | Vaults:5 | Entered Level 5 of the Vaults
 69977 | Vaults:5 | Received a gift from Trog
 71033 | Vaults:5 | Reached skill level 15 in Dodging
 71056 | Vaults:5 | Reached XP level 24. HP: 197/247 MP: 19/19
 71201 | Vaults:5 | Received a gift from Trog
 71352 | Vaults:5 | Identified the +1 plate armour of Gedilo {rN+ Str-5 Int+7 Stlth+} (You took it off a vault warden on level 5 of the Vaults)
 71379 | Vaults:5 | Identified the ring "Weyllo" {rPois MR+ Int+9 Dex-3 Stlth-} (You took it off a vault sentinel on level 5 of the Vaults)
 71563 | Vaults:5 | Cast into level 3 of the Abyss (hand axe of distortion)
 71650 | Abyss:3  | Found a corrupted altar of Lugonu.
 71907 | Abyss:3  | Paralysed by accursed screaming for 1 turns
 71915 | Abyss:3  | Paralysed by accursed screaming for 2 turns
 71966 | Vaults:5 | Escaped the Abyss
 72165 | Vaults:5 | Received a gift from Trog
 72213 | Vaults:5 | Got a silver rune of Zot
 72320 | Vaults:5 | Received a gift from Trog
 72528 | Vaults:5 | Identified the ring of Fedhas's Reproof {rElec rF+ rN+ MP+9 Dex-2} (You took it off an ironbrand convoker on level 5 of the Vaults)
 72604 | Vaults:5 | Noticed an ancient lich
 72608 | Vaults:5 | Noticed an ancient lich
 72612 | Vaults:5 | Killed an ancient lich
 72613 | Vaults:5 | Reached skill level 27 in Armour
 72619 | Vaults:5 | Killed an ancient lich
 72821 | Vaults:5 | Got a smoking graven amulet
 72857 | Vaults:5 | Identified the ring of Aluxut {Ice rPois MP+9 Str-2 Dex+4} (You took it off a vault sentinel on level 5 of the Vaults)
 73054 | Vaults:5 | Identified the amulet of the Elephant {rC++ Regen+ Str+2} (You took it off a necromancer on level 5 of the Vaults)
 73513 | Vaults:5 | Identified Plog's Papyrus of Creation
 73593 | Vaults:5 | Received a gift from Trog
 74225 | Slime:1  | Entered Level 1 of the Pits of Slime
 74650 | Slime:2  | Lost mutation: Your spells are a little harder to cast, but a little more powerful. [a shining eye]
 74723 | Slime:3  | Gained mutation: You are dopey. (Int -2) [a shining eye]
 74725 | Slime:3  | Gained mutation: Your magical capacity is very low. (-20% MP) [a shining eye]
 75440 | Slime:5  | Entered Level 5 of the Pits of Slime
 76029 | Slime:5  | Found a viscous altar of Jiyva.
 76029 | Slime:5  | Noticed the Royal Jelly
 76044 | Slime:5  | Killed the Royal Jelly
 76044 | Slime:5  | Reached XP level 25. HP: 257/257 MP: 17/17
 76223 | Slime:5  | Got a glittering garnet amulet
 76224 | Slime:5  | Identified the amulet "Tompaciv" {Gourm rPois rC+} (You found it on level 5 of the Pits of Slime)
 76238 | Slime:5  | Identified the cursed +0 plate armour of Card Tricks {Int+8} (You found it on level 5 of the Pits of Slime)
 76342 | Slime:5  | Got a slimy rune of Zot
 76435 | Slime:2  | Received a gift from Trog
 76440 | Slime:2  | Identified the +5 battleaxe of the Vendetta {flame, rF+} (Trog gifted it to you on level 2 of the Pits of Slime)
 76759 | Depths:1 | Entered Level 1 of the Depths
 76911 | Depths:1 | Found an iron altar of Okawaru.
 76963 | Depths:1 | Reached skill level 27 in Axes
 77308 | Depths:1 | Received a gift from Trog
 77618 | Depths:1 | Found a gateway to Hell.
 78022 | Depths:1 | Noticed Sojobo
 78126 | Depths:1 | Killed Sojobo
 78216 | Depths:1 | Noticed pedritolo's ghost (adept VSMo)
 78227 | Depths:1 | Killed pedritolo's ghost
 78629 | Depths:2 | Found a one-way gate leading to the halls of Pandemonium.
 78913 | Depths:2 | Received a gift from Trog
 79020 | Depths:2 | Found Iggu's Gadget Emporium.
 79020 | Depths:2 | Found Finakk's Jewellery Boutique.
 79021 | Depths:2 | Found Xuyta Dyun's Jewellery Boutique.
 79079 | Depths:2 | Bought the ring of Lidacv Guysh {rC+ AC+6 Str+2} for 1635 gold pieces
 79559 | Depths:2 | Received a gift from Trog
 79567 | Depths:2 | Reached XP level 26. HP: 175/265 MP: 17/17
 80719 | Depths:3 | Noticed a juggernaut
 80758 | Depths:3 | Killed a juggernaut
 81122 | Depths:3 | Received a gift from Trog
 81959 | Depths:3 | Noticed a juggernaut
 81970 | Depths:3 | Killed a juggernaut
 82283 | Depths:3 | Received a gift from Trog
 82439 | Depths:3 | Noticed a juggernaut
 82452 | Depths:3 | Killed a juggernaut
 82452 | Depths:3 | Reached XP level 27. HP: 272/272 MP: 17/17
 82641 | Depths:3 | Received a gift from Trog
 82986 | Depths:3 | Found a shimmering altar of Xom.
 82986 | Depths:3 | Found a hazy altar of Hepliaklqana.
 82989 | Depths:3 | Found an ornate altar of the Wu Jian Council.
 83027 | Depths:3 | Noticed Frederick
 83036 | Depths:3 | Killed Frederick
 83075 | Depths:3 | Reached skill level 27 in Dodging
 83075 | Depths:3 | Reached skill level 1 in Stealth
 83194 | Depths:3 | Reached skill level 5 in Stealth
 83711 | Depths:4 | Found a one-way gate to the infinite horrors of the Abyss.
 83785 | Depths:4 | Received a gift from Trog
 83920 | Depths:4 | Received a gift from Trog
 84172 | Depths:4 | Reached skill level 10 in Stealth
 84182 | Depths:4 | Noticed Margery
 84191 | Depths:4 | Killed Margery
 84305 | Depths:4 | Found a gateway to a ziggurat.
 84387 | Depths:4 | Found an ancient bone altar of Kikubaaqudgha.
 84387 | Depths:4 | Noticed an ancient lich
 84407 | Depths:4 | Killed an ancient lich
 84706 | Depths:4 | Received a gift from Trog
 84732 | Depths:4 | Got a bloodstained battleaxe {god gift}
 84744 | Depths:4 | Identified the +2 battleaxe of the Viper {speed, *Slow rPois Int+5} (Trog gifted it to you on level 4 of the Depths)
 84984 | Depths:5 | Entered Level 5 of the Depths
 85038 | Depths:5 | Noticed Jory
 85106 | Depths:5 | Killed Jory
 85333 | Depths:5 | Noticed a juggernaut
 85347 | Depths:5 | Killed a juggernaut
 85516 | Depths:5 | Found a gate to the Realm of Zot.
 85737 | Depths:5 | Reached skill level 15 in Stealth
 86089 | Depths:5 | Found a deep blue altar of Sif Muna.
 86114 | Depths:5 | Identified the amulet "Dooh" {RegenMP Int+4 SInv} (You took it off a deep elf demonologist on level 5 of the Depths)
 86143 | Depths:5 | Received a gift from Trog
 86441 | Zot:1    | Entered Level 1 of the Realm of Zot
 86993 | Zot:1    | Received a gift from Trog
 89580 | Zot:3    | Received a gift from Trog
 89739 | Zot:3    | Identified the +0 hat "Edajab" {rF+ rC- Int+8 Dex-5} (You acquired it on level 3 of the Realm of Zot)
 91426 | Zot:5    | Entered Level 5 of the Realm of Zot
 92003 | Zot:5    | Noticed an ancient lich
 92005 | Zot:5    | Noticed an orb of fire
 92032 | Zot:5    | Killed an orb of fire
 92345 | Zot:5    | Noticed an ancient lich
 92625 | Zot:5    | Killed an ancient lich
 92652 | Zot:5    | Noticed an ancient lich
 92838 | Zot:5    | Killed an ancient lich
 92935 | Zot:5    | Received a gift from Trog
 93082 | Zot:5    | Noticed an orb of fire
 93096 | Zot:5    | Killed an orb of fire
 93098 | Zot:5    | Noticed an orb of fire
 93114 | Zot:5    | Killed an orb of fire
 93337 | Zot:5    | Noticed an ancient lich
 93346 | Zot:5    | Noticed an ancient lich
 93353 | Zot:5    | Killed an ancient lich
 93361 | Zot:5    | Killed an ancient lich
 94391 | Zot:5    | Got the Orb of Zot
 94445 | Zot:5    | Noticed an ancient lich
 94822 | Depths:1 | Noticed Anoopoj the pandemonium lord
 94827 | Depths:1 | Noticed Bivoc the pandemonium lord
 95137 | D:6      | Noticed Matu the pandemonium lord
 95307 | D:$      | Escaped with the Orb!

Vault maps used:
D:1:      dpeg_arrival_pits, kennysheep_small_spiral, minmay_cupped
D:2:      grunt_temple_overflow_magic_moments, okawaru_gym_becter,
          minmay_goblin_outpost
D:3:      corexii_hall_statues_i
D:4:      serial_glass, glass_columns_a, glass_columns_a, first_bread,
          fedhas_altar_3, uniq_duvessa, uniq_blork_the_orc, uniq_pikel,
          uniq_sigmund, uniq_robin
D:5:      kennysheep_generic_room_11
D:6:      yredelemnul_altar_generic, minmay_temple_entry_mist
D:7:      marbit_many_paths, lemuel_crystal_altar, tso_altar
D:8:      the_bakery, nicolae_zen_rock_garden, sword_in_stone
D:9:      minmay_orc_entry_guard_dogs, serial_shops, shop, xom_confusion_cloud
D:10:     lair_entry_dummy, serial_shops, nicolae_shop_window_shopping
D:11:     lemuel_old_faithful
D:12:     serial_shops, shop, serial_corexii_hall, corexii_hall_statues_l,
          corexii_hall_statues_u, corexii_hall_statues_u, uniq_harold
D:13:     evilmike_horseshoe, basic_altar, serial_undead, serial_undead_a,
          serial_undead_c, serial_undead_a, serial_undead_a, minmay_hidden_floor
D:14:     grunt_vaults_entry_tiered, solitary_fountain
D:15:     grunt_enter_depths_hoard, hangedman_decor_lopped, lightli_airlock
Lair:1:   serial_bayou_shore_b
Lair:2:   guppyfry_snake_entry_island
Lair:3:   swamp_mist, grunt_forest_large_clearings
Lair:4:   nicolae_quartered_pool_little, grunt_megastairs_4,
          infiniplex_staircase_pool_2, serial_bayou_shore_b, lemuel_fruit_tree
Lair:5:   lab_entry_generic, basic_altar, forest_entry_grove
Lair:6:   grunt_lair_end_beastmaster, nicolae_slime_entry_slimehenge
Swamp:1:  serial_swamp_ruin, evilmike_swamp_ruin_house_4,
          evilmike_swamp_ruin_house_1, evilmike_swamp_ruin_house_3, uniq_nikola
Swamp:2:  evilmike_swamp_ruin_house_2, swamp_pool2, roderic_carrion_pond
Swamp:3:  cheibrodos_swamp_tower_of_moss, nicolae_swamp_very_dense_foliage,
          swamp_pool4, infiniplex_staircase_pool
Swamp:4:  swamp_pestilence, nicolae_swamp_godswood
Snake:1:  serial_shops, nicolae_shop_temple_entry_statues_fountains, uniq_aizul
Snake:3:  nrook_guardian_serpent_snake_passage, special_room, uniq_kirke,
          uniq_louise
Snake:4:  johnstein_snake_rune_scales, serial_shops, shop,
          nicolae_snake_linked_coils, nrook_guardian_serpent_double
Orc:2:    grunt_orc_gardens, grunt_orc_garden, grunt_orc_garden,
          grunt_orc_garden, grunt_orc_garden, basic_altar, uniq_snorg,
          uniq_saint_roka
Elf:1:    eino_elf_arrival_shootout, evilmike_minifort
Elf:2:    serial_shops, bzr_firewalk, enter_trove_0, st_stairs_4, uniq_donald
Elf:3:    minmay_elf_hall_statues, grunt_ministairs_13
Vaults:1: v_misc_3, v_pattern_1, nicolae_vaults_arrows,
          nicolae_vaults_quartermaster, vaults_dpeg_spiral, vaults_room_octagon,
          nicolae_vaults_puzzle_piece, hangedman_vaults_stream, v_alt_pattern_3,
          v_misc_5, ontoclasm_vaults_ring_small, nicolae_vaults_little_ls,
          nicolae_vaults_rhombus_6, ontoclasm_vaults_pinch, basic_altar,
          serial_shops, freezing_bzr
Vaults:2: nicolae_vaults_three_branches, vaults_room_pool,
          nicolae_vaults_inception_network, vaults_room_octagon,
          vaults_room_pool, vaults_room_grid, v_pattern_3, v_misc_16,
          grunt_vaults_funnel, v_alt_pattern_4, grunt_vaults_diagonal,
          v_misc_30, v_rooms_4, v_misc_25, nicolae_vaults_little_squares_1,
          v_misc_26, nicolae_vaults_specimen_jars
Vaults:3: ontoclasm_vaults_misaligned, nicolae_vaults_border_crossing,
          vaults_room_pool, minmay_crypt_entry_simple_statues, basic_altar
Vaults:4: hangedman_vaults_locks, kb_rosetta, nicolae_vaults_ring_of_whatevers,
          v_pattern_5, v_misc_30, nicolae_vaults_mini_display_case,
          ontoclasm_vaults_ring_large, vaults_room_boxed,
          ontoclasm_vaults_fault, vaults_dpeg_diagonal, v_misc_1
Crypt:1:  minmay_guarded_unrand_majin_bo, minigarden_bobbens
Crypt:2:  hex_tiny
Crypt:3:  cryptofortress_bobbens
Depths:1: grunt_x_marks_the_spot, old_standard_altar, lightli_too_deep,
          minmay_fountain_box, fake_guardian_serpent_vault, uniq_sojobo
Depths:2: minmay_swirls_squares, minmay_misc_feat_columns,
          pf_vacation_house_of_asmodeus, pan_entry, infiniplex_staircase_x,
          minmay_shop_grove, basic_stair_grate_trap
Depths:3: minmay_the_grid_ultimate, hell_entry, pan_entry, uniq_frederick
Depths:4: evilmike_negative_zone, enter_ziggurat_b, abyss_entry,
          hangedman_coc_ice_floe, rand_demon_pan_entry_5,
          minmay_misc_feat_hallway, uniq_margery
Depths:5: evilmike_zot_entry_round, pf_hell_entry_tar_river,
          rand_demon_pan_entry_7, dk_noncrumbling_4, hangedman_summoners_spam,
          uniq_jory
Zot:1:    zot_minivault_1
Zot:3:    minmay_elemental_castle
Zot:4:    grunt_ministairs_15
Abyss:3:  lemuel_flamethrower_3, hangedman_abyss_batty_box,
          grunt_abyss_rune_forest_and_sorcery, evilmike_abyss_exit_10
Lab:      labyrinth_spiral, nicolae_lab_grate
Bazaar:   bazaar_lake, bazaar_short_row

Skill      XL: |  1  2  3  4  5  6  7  8  9 10 11 12 13 14 15 16 17 18 19 20 21 22 23 24 25 26 27 |
---------------+----------------------------------------------------------------------------------+-----
Axes           | 4 5 6 7 8 10 11 13 15 17 19 21 22 24 25 26 27 | 27.0
Fighting       | 4 5 6 7 8 10 11 13 14 15 16 17 20 22 24 26 27 | 27.0
Armour         | 3 4 5 6 7 9 10 11 12 13 14 15 16 18 19 20 21 23 25 27 | 27.0
Dodging        | 3 4 5 12 15 18 22 25 27 | 27.0
Stealth        | 24 | 24.1

Action                   |  1- 3 |  4- 6 |  7- 9 | 10-12 | 13-15 | 16-18 | 19-21 | 22-24 | 25-27 || total
-------------------------+-------+-------+-------+-------+-------+-------+-------+-------+-------++-------
Melee: Hand axe          |    72 |    50 |   233 |       |       |       |       |       |       ||   355
       Headbutt          |     6 |     7 |    48 |    90 |   239 |   341 |   342 |   416 |   852 ||  2341
       Battleaxe         |       |       |    24 |   454 |   578 |       |       |       |       ||  1056
       Executioner's axe |       |       |       |       |   366 |  1179 |  1191 |  1174 |  2491 ||  6401
Invok: Berserk           |     1 |     5 |     7 |    12 |    18 |    27 |     8 |    13 |    13 ||   104
       Burn Spellbooks   |       |     1 |       |     1 |     2 |     1 |     6 |    10 |    10 ||    31
       Brothers in Arms  |       |       |       |       |     1 |     3 |     2 |     1 |     2 ||     9
       Trog's Hand       |       |       |       |       |     4 |    10 |     7 |    10 |    22 ||    53
Evoke: Wand              |       |       |       |       |     8 |       |       |     1 |       ||     9
  Use: Scroll            |       |     1 |     4 |    12 |    21 |     6 |     7 |     8 |    34 ||    93
       Potion            |       |       |       |     3 |     1 |     1 |     2 |     2 |     1 ||    10
 Stab: Petrified         |       |       |       |       |     7 |       |       |       |       ||     7
       Confused          |       |       |       |       |       |     2 |       |       |     1 ||     3
       Distracted        |       |       |       |       |       |       |     1 |     1 |     5 ||     7
       Invisible         |       |       |       |       |       |       |       |     4 |       ||     4
       Sleeping          |       |       |       |       |       |       |       |       |     4 ||     4
  Eat: Chunk             |     2 |     5 |    19 |    49 |    66 |    65 |    42 |    15 |    22 ||   285
       Bread ration      |       |     1 |       |       |       |       |       |       |       ||     1
       Fruit             |       |       |     1 |     1 |       |     1 |       |     9 |    13 ||    25
       Meat ration       |       |       |       |       |       |     5 |     3 |     7 |    10 ||    25
Armor: Ring mail         |    28 |    12 |    51 |    12 |       |       |       |       |       ||   103
       Plate armour      |       |       |    28 |   262 |   517 |   719 |   618 |   511 |   776 ||  3431
       Gold dragon scale |       |       |       |       |       |       |       |       |    88 ||    88
Dodge: Dodged            |    49 |    18 |   120 |   145 |   338 |   412 |   412 |   646 |  2315 ||  4455
       Deflected         |       |       |       |       |       |       |       |       |    35 ||    35
Block: Other             |       |       |       |       |       |       |    17 |    46 |    64 ||   127
       Reflection        |       |       |       |       |       |       |     3 |     8 |     5 ||    16
